 Dungeon Crawl Stone Soup version 0.29.0-4-gdea44cf6ec (webtiles) character file.

Game seed: 16580236525899999975

2402 qw the Cleaver (level 9, -2/72 HPs)
             Began as a Formicid Cinder Acolyte on Sept 3, 2022.
             Was an Initiate of Ignis.
             Slain by a wight
             ... wielding a +0 falchion
              (6 damage)
             ... on level 6 of the Dungeon.
             The game lasted 00:03:47 (7699 turns).

qw the Cleaver (Formicid Cinder Acolyte)            Turns: 7699, Time: 00:03:47

Health: -2/72      AC: 16    Str: 22    XL:     9   Next: 75%
Magic:  10/10      EV: 11    Int: 15    God:    Ignis [......]
Gold:   190        SH:  0    Dex: 15    Spells: 10/10 levels left

rFire   + . .      SeeInvis +   k - +0 war axe
rCold   . . .      Faith    .   (no shield)
rNeg    . . .      Spirit   .   n - +0 scale mail {rPois}
rPois   +          Reflect  .   (helmet unavailable)
rElec   .          Harm     .   (no cloak)
rCorr   .          Rampage  .   g - +0 pair of gloves
Will    .....                   i - +0 pair of boots
Stlth   ..........              (no amulet)
HPRegen 0.22/turn               j - +6 ring of dexterity
MPRegen 0.12/turn               (no ring)

@: fiery-armoured
A: permanent stasis, dig shafts and tunnels, antennae 3, four strong arms
a: Dig, Shaft Self, Renounce Religion, Rising Flame


You were on level 6 of the Dungeon.
You worshipped Ignis.
Ignis was noncommittal.
You visited 1 branch of the dungeon, and saw 6 of its levels.

You collected 256 gold pieces.
You spent 66 gold pieces at shops.


Innate Abilities, Weirdness & Mutations

You cannot be hasted, slowed, berserked, paralysed or teleported.
You can dig through walls and to a lower floor.
You have a pair of large antennae on your head. (SInv)
Your four strong arms can wield two-handed weapons with a shield.


   Skills:
 - Level 7.0 Fighting
 + Level 10.4 Axes
 - Level 1.0 Throwing
 - Level 3.0 Armour
 - Level 3.1 Dodging
 - Level 1.1 Spellcasting
 - Level 3.0 Fire Magic


You had 10 spell levels left.
You didn't know any spells.
Your spell library contained the following spells:

 Spells                   Type           Power      Damage    Failure   Level
 Scorch                   Fire           18%        2d6       28%         2

Inventory:

Hand Weapons
 k - a +0 war axe (weapon)
 l - a +1 flail of draining
Missiles
 h - 3 boomerangs (quivered)
Armour
 d - a +1 ring mail of fire resistance
 f - a +0 chain mail
 g - a +0 pair of gloves (worn)
 i - a +0 pair of boots (worn)
 n - a +0 scale mail of poison resistance (worn)
Jewellery
 j - a +6 ring of dexterity (left hand)
Scrolls
 e - 2 scrolls of identify
Potions
 a - a potion of curing
 c - a potion of might
 m - a potion of haste
 o - a potion of mutation

Dungeon Overview and Level Annotations

Branches:
Dungeon (6/15)             Temple (0/1) D:4

Altars:
Ashenzari
Nemelex Xobeh
Sif Muna

Shops:
D:1 *   D:5 ?


Message History

You slash the wight!
The gnoll hits you from afar with a +0 halberd.
The wight barely misses you. The wight closely misses you.
You slice the wight!!
You destroy the wight!
You hit the wight but do no damage.
The gnoll hits you from afar with a +0 halberd.
The wight closely misses you.
You hit the wight.
The wight is almost destroyed.
You completely miss the necrophage.
The necrophage hits you but does no damage.
The necrophage is burned by your cloak of flames.
The necrophage is lightly damaged.
The gnoll closely misses you. The wight barely misses you.
You slash the wight!
You destroy the wight!
The necrophage dissolves into shadows!
The scorpion dissolves into shadows!
The gnoll hits you from afar with a +0 halberd.
Your life force feels restored.
The gnoll hits you with a +0 halberd.
The gnoll is burned by your cloak of flames.
The gnoll is lightly wounded.
The gnoll barely misses you.
Items here: % )) [.
You slash the gnoll!
You kill the gnoll!
You hit the gnoll but do no damage. The gnoll hits you but does no damage.
The gnoll is burned by your cloak of flames.
The gnoll is heavily wounded.
You hit the gnoll.
The gnoll is severely wounded.
The gnoll hits you with a +0 spear.
The gnoll is burned by your cloak of flames.
You kill the gnoll!
You slash the wight!
The wight is almost destroyed.
The wight hits you with a +0 falchion.
You die...

##.........#
#..###..###
#.......#
##.#.#..#
#.#.#..#
..#.#..##
#.####.#...#
#....))..#..
#####)#@####.
#.....)z# ##
#.###.#.#
#.#.# #.#..
..#.. ###..
#...


You could see a wight.

Vanquished Creatures
  Pikel (D:4)
  Eustachio (D:3)
  Edmund (D:5)
  2 water moccasins
  A black bear (D:4)
  An ice beast (D:5)
  2 ogres
  A lemure (D:4)
  A bullfrog (D:5)
  2 scorpions
  6 wights
  2 gnoll boudas
  2 orc priests
  2 hounds
  4 iguanas
  16 gnolls
  9 adders
  A shadow imp (D:6)
  2 white imps
  2 dart slugs (D:3)
  A worm (D:2)
  11 orcs
  11 ball pythons
  6 endoplasms
  7 giant cockroaches
  5 goblins
  12 hobgoblins
  5 quokkas
  4 bats
  2 frilled lizards
  9 kobolds
  7 rats
139 creatures vanquished.

Notes
Turn   | Place    | Note
-------+----------+-------------------------------------------
     0 | D:1      | qw the Formicid Cinder Acolyte began the quest for the Orb.
     0 | D:1      | Reached XP level 1. HP: 18/18 MP: 2/2
     0 | D:1      | 0 ||| qw: Version: 0.1-a-102-g441f92d
     0 | D:1      | 0 ||| qw: Game counter: 5271
     0 | D:1      | 0 ||| qw: Always use a shield: true
     0 | D:1      | 0 ||| qw: God list: Okawaru
     0 | D:1      | 0 ||| qw: Allow faded altars: false
     0 | D:1      | 0 ||| qw: Do Orc after D:15 true
     0 | D:1      | 0 ||| qw: Do second Lair branch before Depths: true
     0 | D:1      | 0 ||| qw: Lair rune preference: random
     0 | D:1      | 0 ||| qw: Plans: Normal
     0 | D:1      | 0 ||| PLANNING D:1-11
   141 | D:1      | 141 ||| Stepping ~*~*~tactically~*~*~ (stealth).
   237 | D:1      | Reached XP level 2. HP: 24/24 MP: 3/3
   255 | D:1      | 255 ||| INVOKING Fiery Armour.
   419 | D:1      | 419 ||| Stepping ~*~*~tactically~*~*~ (stealth).
   731 | D:1      | Found a faded altar of an unknown god.
   870 | D:1      | Reached skill level 4 in Axes
   870 | D:1      | Reached XP level 3. HP: 28/29 MP: 4/4
   959 | D:1      | Found Gusyenek's General Store.
   968 | D:1      | 968 ||| SHOPLISTING +2 fire dragon scales (792 gold, have
                  | 74).
   968 | D:1      | 968 ||| BUYING scroll of identify (22 gold).
   968 | D:1      | Bought a scroll of identify for 22 gold pieces
  1168 | D:1      | 1168 ||| UPGRADING to +0 ring mail.
  1178 | D:1      | 1178 ||| DROPPING +0 robe.
  1179 | D:1      | 1179 ||| UPGRADING to +6 ring of dexterity.
  1180 | D:1      | 1180 ||| DROPPING ring of magical power.
  1181 | D:1      | 1181 ||| READING 2 scrolls labelled MIPYOMILLU.
  1182 | D:1      | 1182 ||| READING scroll labelled VEIMEMEQUA.
  1183 | D:1      | 1183 ||| DRINKING 3 bubbling orange potions.
  1184 | D:1      | 1184 ||| READING 3 scrolls of identify.
  1184 | D:1      | 1184 ||| IDENTIFYING white potion
  1185 | D:1      | 1185 ||| READING 2 scrolls of identify.
  1185 | D:1      | 1185 ||| IDENTIFYING inky potion
  1186 | D:1      | 1186 ||| DROPPING scroll of poison.
  1187 | D:1      | 1187 ||| DROPPING potion of brilliance.
  1188 | D:1      | 1188 ||| DROPPING potion of attraction.
  1189 | D:1      | 1189 ||| Stepping randomly (stuck).
  1190 | D:1      | 1190 ||| Stepping ~*~*~tactically~*~*~ (cloud).
  1194 | D:1      | HP: 6/29 [poisoned by you (poison gas)]
  1198 | D:1      | HP: 2/29 [poisoned by you (poison gas)]
  1552 | D:1      | 1552 ||| SWAPPING to +0 hand axe.
  1553 | D:1      | 1553 ||| DROPPING -1 vorpal hand axe.
  1574 | D:2      | 1574 ||| STAIRDANCE
  1614 | D:2      | 1614 ||| STAIRDANCE
  1725 | D:2      | Reached skill level 1 in Dodging
  1728 | D:2      | 1728 ||| Stepping ~*~*~tactically~*~*~ (stealth).
  1898 | D:2      | 1898 ||| INVOKING Fiery Armour.
  1905 | D:2      | Reached skill level 1 in Armour
  1905 | D:2      | Reached XP level 4. HP: 24/35 MP: 5/5
  2116 | D:2      | 2116 ||| DROPPING +0 club.
  2572 | D:2      | Reached XP level 5. HP: 41/41 MP: 6/6
  2838 | D:2      | 2838 ||| UPGRADING to +0 pair of boots.
  2843 | D:2      | 2843 ||| READING scroll labelled UKED HOGASK.
  2844 | D:2      | 2844 ||| READING 4 scrolls labelled TUDEUS LAIBRIEM.
  2845 | D:2      | 2845 ||| READING scroll labelled CUL YNTIOMA.
  2846 | D:2      | 2846 ||| DRINKING 2 lumpy puce potions.
  2847 | D:2      | 2847 ||| DROPPING 3 scrolls of amnesia.
  2980 | D:3      | Found a sparkling altar of Nemelex Xobeh.
  3040 | D:3      | 3040 ||| Stepping ~*~*~tactically~*~*~ (hiding).
  3048 | D:3      | 3048 ||| FLEEEEING.
  3049 | D:3      | 3049 ||| FLEEEEING.
  3050 | D:3      | 3050 ||| FLEEEEING.
  3051 | D:3      | 3051 ||| FLEEEEING.
  3052 | D:3      | 3052 ||| FLEEEEING.
  3053 | D:3      | 3053 ||| FLEEEEING.
  3054 | D:3      | 3054 ||| FLEEEEING.
  3055 | D:3      | 3055 ||| FLEEEEING.
  3056 | D:3      | 3056 ||| FLEEEEING.
  3128 | D:3      | Reached skill level 5 in Axes
  3144 | D:3      | 3144 ||| Stepping ~*~*~tactically~*~*~ (stealth).
  3145 | D:3      | 3145 ||| Stepping ~*~*~tactically~*~*~ (stealth).
  3642 | D:3      | 3642 ||| READING scroll labelled ATTIHONAWN.
  3643 | D:3      | 3643 ||| DRINKING 2 fuming orange potions.
  3644 | D:3      | 3644 ||| READING 2 scrolls of identify.
  3644 | D:3      | 3644 ||| IDENTIFYING amethyst potion
  3645 | D:3      | 3645 ||| DROPPING potion of degeneration.
  3714 | D:4      | Noticed Eustachio
  3720 | D:4      | 3720 ||| STAIRDANCE
  3735 | D:3      | 3735 ||| INVOKING Fiery Armour.
  3756 | D:3      | HP: 7/41 [Eustachio/+0 rapier (5)]
  3757 | D:3      | 3757 ||| DRINKING 3 potions of heal wounds.
  3757 | D:3      | Killed Eustachio
  3758 | D:3      | Reached skill level 6 in Axes
  3758 | D:3      | Reached XP level 6. HP: 35/47 MP: 7/7
  3842 | D:4      | 3842 ||| STAIRDANCE
  3885 | D:4      | 3885 ||| STAIRDANCE
  3903 | D:4      | 3903 ||| STAIRDANCE
  3993 | D:4      | Found a staircase to the Ecumenical Temple.
  4043 | D:4      | 4043 ||| INVOKING Fiery Armour.
  4044 | D:4      | 4044 ||| Stepping ~*~*~tactically~*~*~ (hiding).
  4045 | D:4      | 4045 ||| Stepping ~*~*~tactically~*~*~ (hiding).
  4046 | D:4      | 4046 ||| Stepping ~*~*~tactically~*~*~ (hiding).
  4058 | D:4      | Reached XP level 7. HP: 44/54 MP: 8/8
  4355 | D:4      | 4355 ||| Stepping ~*~*~tactically~*~*~ (stealth).
  4358 | D:4      | 4358 ||| INVOKING Fiery Armour.
  4478 | D:4      | 4478 ||| Stepping ~*~*~tactically~*~*~ (stealth).
  4482 | D:4      | 4482 ||| Stepping ~*~*~tactically~*~*~ (stealth).
  4483 | D:4      | 4483 ||| Stepping ~*~*~tactically~*~*~ (stealth).
  4513 | D:4      | 4513 ||| INVOKING Fiery Armour.
  4517 | D:4      | Reached skill level 7 in Axes
  4523 | D:4      | 4523 ||| FLEEEEING.
  4524 | D:4      | 4524 ||| FLEEEEING.
  4525 | D:4      | 4525 ||| FLEEEEING.
  4526 | D:4      | 4526 ||| FLEEEEING.
  4527 | D:4      | 4527 ||| FLEEEEING.
  4528 | D:4      | 4528 ||| FLEEEEING.
  4529 | D:4      | 4529 ||| FLEEEEING.
  4530 | D:4      | 4530 ||| FLEEEEING.
  4531 | D:4      | 4531 ||| FLEEEEING.
  4532 | D:4      | 4532 ||| FLEEEEING.
  4533 | D:4      | 4533 ||| FLEEEEING.
  4534 | D:4      | 4534 ||| FLEEEEING.
  4535 | D:4      | 4535 ||| FLEEEEING.
  4536 | D:4      | 4536 ||| FLEEEEING.
  4537 | D:4      | 4537 ||| FLEEEEING.
  4538 | D:4      | 4538 ||| FLEEEEING.
  4539 | D:4      | 4539 ||| FLEEEEING.
  4540 | D:4      | 4540 ||| FLEEEEING.
  4541 | D:4      | 4541 ||| FLEEEEING.
  4542 | D:4      | 4542 ||| FLEEEEING.
  4543 | D:4      | 4543 ||| FLEEEEING.
  4544 | D:4      | 4544 ||| FLEEEEING.
  4545 | D:4      | 4545 ||| FLEEEEING.
  4546 | D:4      | 4546 ||| FLEEEEING.
  4547 | D:4      | 4547 ||| FLEEEEING.
  4548 | D:4      | 4548 ||| FLEEEEING.
  4549 | D:4      | 4549 ||| FLEEEEING.
  4550 | D:4      | 4550 ||| FLEEEEING.
  4551 | D:4      | 4551 ||| FLEEEEING.
  4552 | D:4      | 4552 ||| FLEEEEING.
  4553 | D:4      | 4553 ||| STAIRDANCE
  4617 | D:3      | 4617 ||| UPGRADING to +0 scale mail.
  4627 | D:3      | 4627 ||| DROPPING +0 ring mail.
  4628 | D:3      | 4628 ||| UPGRADING to +0 pair of gloves.
  4633 | D:3      | 4633 ||| READING scroll labelled HOBAPE TUEHEUTRUAT.
  4636 | D:4      | 4636 ||| STAIRDANCE
  4641 | D:4      | 4641 ||| INVOKING Fiery Armour.
  4643 | D:4      | HP: 13/54 [ogre/+0 giant spiked club (3)]
  4644 | D:4      | 4644 ||| DRINKING 2 potions of heal wounds.
  4645 | D:4      | HP: 6/54 [ogre/+0 giant spiked club (27)]
  4646 | D:4      | 4646 ||| DRINKING potion of heal wounds.
  4648 | D:4      | Reached skill level 3 in Armour
  4650 | D:4      | 4650 ||| STAIRDANCE
  4977 | D:4      | Noticed Pikel
  5009 | D:4      | 5009 ||| INVOKING Fiery Armour.
  5012 | D:4      | Killed Pikel
  5013 | D:4      | Reached skill level 9 in Axes
  5013 | D:4      | Reached XP level 8. HP: 18/60 MP: 9/9
  5670 | D:4      | Found a shimmering blue altar of Sif Muna.
  5671 | D:4      | 5671 ||| Stepping randomly (stuck).
  5708 | D:5      | Entered Level 5 of the Dungeon
  5709 | D:5      | 5709 ||| STAIRDANCE
  5754 | D:5      | 5754 ||| STAIRDANCE
  5875 | D:5      | Found a broken altar of Ashenzari.
  5877 | D:5      | 5877 ||| Stepping randomly (stuck).
  5878 | D:5      | 5878 ||| Stepping randomly (stuck).
  5995 | D:5      | 5995 ||| Stepping ~*~*~tactically~*~*~ (hiding).
  6008 | D:5      | 6008 ||| INVOKING Fiery Armour.
  6009 | D:5      | Reached skill level 1 in Throwing
  6013 | D:5      | HP: 13/61 [iguana (10)]
  6293 | D:5      | Noticed Edmund
  6312 | D:5      | 6312 ||| INVOKING Fiery Armour.
  6315 | D:5      | Killed Edmund
  6316 | D:5      | Reached XP level 9. HP: 26/60 MP: 10/10
  6486 | D:5      | 6486 ||| DROPPING +0 flail.
  6500 | D:5      | 6500 ||| Stepping ~*~*~tactically~*~*~ (hiding).
  6504 | D:5      | 6504 ||| Stepping ~*~*~tactically~*~*~ (hiding).
  6505 | D:5      | 6505 ||| Stepping ~*~*~tactically~*~*~ (hiding).
  6519 | D:5      | 6519 ||| INVOKING Fiery Armour.
  6692 | D:5      | 6692 ||| SWAPPING to +0 war axe.
  6693 | D:5      | 6693 ||| DROPPING +0 hand axe.
  6719 | D:5      | Found Neenn's Magic Scroll Shop.
  6727 | D:5      | 6727 ||| BUYING scroll of identify (22 gold).
  6727 | D:5      | Bought a scroll of identify for 22 gold pieces
  6727 | D:5      | 6727 ||| BUYING scroll of identify (22 gold).
  6727 | D:5      | Bought a scroll of identify for 22 gold pieces
  6895 | D:5      | Reached skill level 6 in Fighting
  7339 | D:5      | 7339 ||| UPGRADING to +1 ring mail of fire resistance.
  7349 | D:5      | 7349 ||| DROPPING +0 scale mail.
  7350 | D:5      | 7350 ||| UPGRADING to +0 chain mail.
  7360 | D:5      | 7360 ||| UPGRADING to +0 scale mail of poison resistance.
  7370 | D:5      | 7370 ||| READING 3 scrolls of identify.
  7370 | D:5      | 7370 ||| IDENTIFYING yellow potion
  7371 | D:5      | 7371 ||| READING 2 scrolls of identify.
  7371 | D:5      | 7371 ||| IDENTIFYING purple potion
  7399 | D:6      | 7399 ||| INVOKING Fiery Armour.
  7400 | D:6      | 7400 ||| STAIRDANCE
  7403 | D:5      | Reached skill level 10 in Axes
  7452 | D:6      | 7452 ||| STAIRDANCE
  7460 | D:5      | Reached skill level 3 in Dodging
  7504 | D:6      | 7504 ||| STAIRDANCE
  7681 | D:6      | 7681 ||| INVOKING Fiery Armour.
  7693 | D:6      | HP: 17/70 [gnoll/+0 halberd[a gnoll bouda] (5)]
  7696 | D:6      | HP: 6/72 [gnoll/+0 halberd[a gnoll bouda] (6)]
  7699 | D:6      | Slain by a wight

Levels and vault maps discovered:
D:1:      amcnicky_arrival_blooded_trapdoor, layout_loops_ring, serial_shops,
          nicolae_lakefront_shop, basic_ecumenical_altar, chequers_jeans
D:2:      layout_basic, uniq_crazy_yiuf_cottage
D:3:      layout_basic, nemelex_xobeh_ov_fountains_minmay
D:4:      minmay_octagon_keep, layout_loops_ring, lemuel_blue_sif_altar,
          minmay_temple_entry_mini_moons, uniq_pikel, uniq_eustachio
D:5:      layout_gridville, amcnicky_altar_gilded, serial_shops, shop,
          uniq_edmund
D:6:      layout_basic, zin_treasury

Skill      XL: |  1  2  3  4  5  6  7  8  9 |
---------------+----------------------------+-----
Axes           | 4 6 9 10 | 10.4
Dodging        | 1 2 3 |  3.1
Armour         | 1 3 |  3.0
Fighting       | 4 5 7 |  7.0
Throwing       | 1 |  1.0
Spellcasting   | |  1.1
Fire Magic     | |  3.0

Action                   |  1- 3 |  4- 6 |  7- 9 || total
-------------------------+-------+-------+-------++-------
Melee: Hand axe          |    99 |   157 |   199 ||   455
       Punch             |     1 |     1 |     4 ||     6
       War axe           |       |       |    87 ||    87
Throw: Boomerang         |       |       |    19 ||    19
Invok: Fiery Armour      |     2 |     2 |     9 ||    13
  Use: Scroll            |     4 |     5 |     3 ||    12
       Potion            |     1 |     3 |     2 ||     6
Armor: Robe              |     9 |       |       ||     9
       Ring mail         |    13 |    81 |    16 ||   110
       Scale mail        |       |       |    94 ||    94
Dodge: Dodged            |    55 |   104 |   154 ||   313

Table legend:
 A = Non-vault XP
 B = Vault XP
 C = Vault XP percentage of total XP
 D = Non-vault monster count
 E = Vault monster count
 F = Vault count percentage of total count
                 A         B        C        D         E       F
            +---------+---------+-------+---------+---------+-------
      Total |    1975 |    1457 |  42.5 |     121 |      17 |  12.3
            +---------+---------+-------+---------+---------+-------
        D:1 |      36 |       0 |   0.0 |      23 |       0 |   0.0
        D:2 |     110 |       0 |   0.0 |      26 |       0 |   0.0
        D:3 |      61 |     196 |  76.3 |      20 |       1 |   4.8
        D:4 |     224 |    1104 |  83.1 |      16 |      15 |  48.4
        D:5 |     983 |     157 |  13.8 |      25 |       1 |   3.8
        D:6 |     561 |       0 |   0.0 |      11 |       0 |   0.0
            +---------+---------+-------+---------+---------+-------
